AoeStats
← EnriquePrz6876

Arena

510938769Analyzed
1v1 RM · 16h ago on Oct 3, 2026· 110m 21s· 2 players
Game mode
Random Map
Map size
Tiny (2 player)
Population
200
Speed
Normal
Resources
Standard
Victory
Conquest
Starting age
Dark Age
Ending age
Imperial Age
RankedLock teamsTeams togetherTeam positionsShared explorationLock speedFull tech treeHidden civsTurbo modeCheats
Victory
Defeat
🇲🇽 Mongols · Mexico
628
+14
🇺🇸 Portuguese · United States
592
-14
BlancoMano4
11:44 Feudal Age
13:36 Double-Bit Axe
13:15 Man-at-Arms
18:03 Castle Age
16:15 Horse Collar
16:44 Gold Mining
17:14 Stone Mining
20:48 Stone Shaft Mining
20:30 Long Swordsman
21:30 Gambesons
22:43 Pikeman
24:13 Bow Saw
25:18 Heavy Plow
27:16 Wheelbarrow
26:06 Crossbowman
27:11 Padded Archer Armor
27:11 Fletching
32:52 Hand Cart
37:19 Imperial Age
34:34 Treadmill Crane
35:10 Murder Holes
38:28 Arquebus
37:58 Elite Organ Gun
38:56 Thumb Ring
38:15 Elite Skirmisher
41:00 Two-Man Saw
41:04 Crop Rotation
43:29 Chemistry
42:21 Heated Shot
42:43 Masonry
42:50 Fortified Wall
42:51 Scale Barding Armor
42:46 Scale Mail Armor
42:57 Forging
42:43 Bodkin Arrow
43:04 Leather Archer Armor
43:46 Ballistics
44:12 Chain Mail Armor
44:18 Chain Barding Armor
44:12 Siege Engineers
44:40 Bombard Tower
45:39 Arbalester
46:57 Iron Casting
46:22 Bracer
46:54 Ring Archer Armor
45:47 Onager
48:38 Cavalier
49:19 Husbandry
49:29 Bloodlines
48:41 Light Cavalry
50:38 Guard Tower
87:39 Two-Handed Swordsman
90:31 Champion
90:57 Arson
93:09 Halberdier
EnriquePrz6876
9:02 Feudal Age
13:01 Man-at-Arms
13:44 Double-Bit Axe
16:03 Wheelbarrow
16:58 Arson
19:28 Bloodlines
20:40 Horse Collar
22:06 Scale Barding Armor
22:02 Scale Mail Armor
23:53 Forging
27:25 Castle Age
28:05 Crossbowman
30:11 Chain Barding Armor
29:53 Padded Archer Armor
30:00 Husbandry
30:21 Light Cavalry
31:34 Heavy Plow
31:50 Bow Saw
33:30 Thumb Ring
34:25 Leather Archer Armor
34:01 Fletching
35:02 Ballistics
39:33 Imperial Age
37:01 Loom
37:32 Hand Cart
37:03 Town Watch
41:06 Drill
40:56 Onager
43:14 Chemistry
42:20 Siege Engineers
42:25 Masonry
42:11 Murder Holes
42:27 Fortified Wall
42:33 Town Patrol
43:15 Parthian Tactics
42:10 Heavy Cavalry Archer
42:55 Bodkin Arrow
43:52 Hussar
46:34 Bracer
46:31 Elite Skirmisher
47:53 Siege Onager
49:21 Hoardings
49:41 Capped Ram
52:49 Elite Mangudai
56:00 Chain Mail Armor
56:21 Iron Casting
57:25 Squires
56:45 Pikeman
59:07 Plate Mail Armor
59:37 Blast Furnace
64:42 Siege Ram
Connection lost

Rejoining the realm…

Still unreachable

The connection could not be restored.

Session expired

The server has moved on; the page needs a fresh start.